 Dungeon Crawl Stone Soup version 0.17.1-3-g152610e (webtiles) character file.

1213 inmateoo the Ducker (level 8, -2/48 HPs)
             Began as a Deep Elf Berserker on Feb 19, 2016.
             Was a Priest of Trog.
             Killed by divine providence
             ... invoked by an orc priest
              (10 damage)
             ... on level 6 of the Dungeon.
             The game lasted 00:09:49 (7538 turns).

inmateoo the Ducker (Deep Elf Berserker)            Turns: 7538, Time: 00:09:49

Health: -2/48      AC: 10    Str: 16    XL:     8   Next: 22%
Magic:  10/10      EV:  7    Int: 13    God:    Trog [***...]
Gold:   190        SH:  0    Dex: 14    Spells: 0 memorised, 7 levels left

rFire  . . .     SeeInvis .     a - +1 hand axe
rCold  + . .     Clarity  .     j - +0 plate armour
rNeg   . . .     SustAt   .     (no shield)
rPois  +         Gourm    .     (no helmet)
rElec  .         Spirit   .     (no cloak)
rCorr  +         Warding  .     B - -2 pair of gloves (curse)
rMut   .         Stasis   .     (no boots)
MR     .....                    u - amulet of resist corrosion
Stlth  ..........               i - ring of protection from cold
                                f - ring of poison resistance

@: exhausted, very slightly contaminated, slowed, very slow, not resistant to
hostile enchantments, extremely unstealthy
A: no striking features
a: Berserk, Trog's Hand, Burn Spellbooks, Renounce Religion


You were on level 6 of the Dungeon.
You worshipped Trog.
Trog was most pleased with you.
You were near starving.

You visited 1 branch of the dungeon, and saw 6 of its levels.
You also visited: Sewer.

You collected 190 gold pieces.

Inventory:

Hand Weapons
 a - a +1 hand axe (weapon)
Armour
 j - a +0 plate armour (worn)
 B - a cursed -2 pair of gloves (worn)
Jewellery
 f - a ring of poison resistance (left hand)
 i - a ring of protection from cold (right hand)
 m - an uncursed ring of see invisible
 t - an uncursed amulet of warding {unknown}
 u - an amulet of resist corrosion (around neck)
Wands
 y - a wand of magic darts (43)
 z - a wand of frost (15)
Scrolls
 b - 3 scrolls of teleportation
 n - 2 scrolls of remove curse
 s - 3 scrolls of enchant weapon
 C - a scroll of enchant armour {unknown}
 D - a scroll of identify
Potions
 d - 2 potions of magic
 e - a potion of invisibility
 p - 2 potions of brilliance
 q - 2 potions of curing
 r - a potion of heal wounds {unknown}
 v - 2 potions of mutation {unknown}
 x - a potion of agility {unknown}
 A - a potion of haste {unknown}
Comestibles
 c - 3 bread rations
 g - 4 fruits
 h - a royal jelly
 k - 6 meat rations
 l - a slice of pizza
 o - 4 beef jerkies


   Skills:
 + Level 4.5 Fighting
 * Level 5.7 Axes
 + Level 3.8 Armour
 + Level 5.7 Dodging


You had 7 spell levels left.
You didn't know any spells.

Dungeon Overview and Level Annotations

Branches:
Dungeon (6/15)             Temple (0/1) D:5

Altars:
Elyvilon
Makhleb
Sif Muna
Zin


Message History

The orc priest is moderately wounded.
You hit the orc wizard.
The orc wizard is severely wounded.
The orc wizard hits you but does no damage.
The orc priest mumbles some strange prayers to Beogh against you.
Something smites you!
* * * LOW HITPOINT WARNING * * *
The orc wizard barely misses you.
The orc priest hits you but does no damage.
You hit the orc priest.
The orc priest is heavily wounded.
You hit the orc wizard.
The orc wizard is almost dead.
The orc wizard barely misses you.
The orc wizard gestures at you while chanting.
The magic dart hits you!
* * * LOW HITPOINT WARNING * * *
The orc priest invokes the aid of Beogh against you.
Something smites you!
You die...

.#.#.(.# #.#
..###..# o. #.#
..)#)(## . #.#
###)### ##. #.# #.#
#..###### #.# #.#
##.......# #.# ...
.o...##.####.#####
#.# #.
#.##.##)......## #.#
#.##.)@o...)......#
#..
#...###o##.##.##.<#
..# #.#..o..##.##...
.#
#..o######..........
##.## #.##.##..###
#...# #..... >.#
#[o.# #.##.. .#
#{).# #.##.# # #o..#


You could see an orc priest and an orc wizard.

Vanquished Creatures
  An ice beast (D:6)
  2 ogres
  2 orc warriors (D:6)
  A big kobold (Sewer)
  A giant frog (D:6)
  2 crimson imps (D:6)
  2 hounds (D:4)
  Ijyb (D:2)
  A giant frog skeleton (D:5)
  A giant frog zombie (D:5)
  2 iguanas
  2 worker ants (D:6)
  Natasha (thrice) (D:2)
  8 gnolls
  A river rat (Sewer)
  9 adders
  An adder skeleton (D:5)
  An adder zombie (D:5)
  2 worms
  4 giant geckos
  13 orcs
  8 bats
  5 hobgoblins
  6 jackals
  4 quokkas
  A ball python (D:1)
  7 giant cockroaches
  A giant gecko skeleton (D:4)
  4 giant newts
  10 goblins
  11 kobolds
  A quokka skeleton (D:6)
  19 rats
137 creatures vanquished.

Notes
Turn   | Place    | Note
--------------------------------------------------------------
     0 | D:1      | inmateoo the Deep Elf Berserker began the quest for the Orb.
     0 | D:1      | Reached XP level 1. HP: 13/13 MP: 3/3
   437 | D:1      | Reached XP level 2. HP: 13/18 MP: 4/4
  1305 | D:2      | Found a burning altar of Makhleb.
  1308 | D:2      | Noticed a balrug
  1309 | D:2      | Found a glowing silver altar of Zin.
  1310 | D:2      | Noticed an angel
  1404 | D:2      | Reached ** piety under Trog
  1412 | D:2      | Reached XP level 3. HP: 22/22 MP: 5/5
  1467 | D:2      | Reached skill level 3 in Axes
  1654 | D:2      | Reached XP level 4. HP: 10/28 MP: 6/6
  1896 | D:2      | Noticed Natasha
  1906 | D:2      | Killed Natasha
  2296 | D:2      | Noticed Ijyb
  2372 | D:2      | Killed Ijyb
  2413 | D:2      | Noticed Natasha
  2422 | D:2      | Killed Natasha
  2422 | D:2      | Reached XP level 5. HP: 13/32 MP: 7/7
  2440 | D:2      | Noticed Natasha
  2445 | D:2      | Killed Natasha
  3226 | D:3      | Found a glowing drain.
  3230 | Sewer    | Entered a sewer
  3519 | Sewer    | Reached skill level 4 in Axes
  3519 | Sewer    | Reached XP level 6. HP: 31/37 MP: 8/8
  3538 | Sewer    | Found a glowing silver altar of Zin.
  3743 | D:3      | Found a white marble altar of Elyvilon.
  4009 | D:3      | Found a deep blue altar of Sif Muna.
  4140 | D:3      | Reached *** piety under Trog
  5480 | D:5      | Entered Level 5 of the Dungeon
  5786 | D:5      | Reached XP level 7. HP: 42/42 MP: 9/9
  5948 | D:5      | Found a staircase to the Ecumenical Temple.
  6706 | D:6      | Reached skill level 5 in Axes
  6706 | D:6      | Reached skill level 5 in Dodging
  7171 | D:6      | Reached XP level 8. HP: 18/48 MP: 10/10
  7538 | D:6      | Killed from afar by an orc priest

Action                   |  1- 3 |  4- 6 |  7- 9 || total
-------------------------+-------+-------+-------++-------
Melee: Hand axe          |   144 |   402 |   213 ||   759
Invok: Berserk           |     2 |     2 |     4 ||     8
       Trog's Hand       |     1 |     4 |     2 ||     7
  Use: Scroll            |       |     9 |     2 ||    11
       Potion            |       |     3 |     1 ||     4
  Eat: Chunk             |     4 |    16 |     9 ||    29
       Fruit             |       |     1 |       ||     1
